 Dungeon Crawl Stone Soup version 0.24.0-13-gcf9b319 (webtiles) character file.

Game seed: 17525017255377402568, levelgen mode: deterministic

50 shiningwizard the Chiller (level 3, -1/26 HPs)
             Began as a Demigod Ice Elementalist on Dec 16, 2019.
             Slain by a leopard gecko (3 damage)
             ... on level 2 of the Dungeon.
             The game lasted 00:07:03 (663 turns).

shiningwizard the Chiller (Demigod Ice Elementalist) Turns: 663, Time: 00:07:04

Health: -1/26      AC:  2    Str: 11    XL:     3   Next: 35%
Magic:  2/8        EV: 13    Int: 26    God:
Gold:   42         SH:  0    Dex: 16    Spells: 5/6 levels left

rFire    + . .     SeeInvis .   (no weapon)
rCold    x . .     Gourm    .   (no shield)
rNeg     . . .     Faith    .   a - +0 robe
rPois    .         Spirit   .   (no helmet)
rElec    .         Reflect  .   (no cloak)
rCorr    .         Harm     .   (no gloves)
MR       .....                  (no boots)
Stlth    ++........             (no amulet)
HPRegen  0.08/turn              h - ring of fire
MPRegen  0.11/turn              (no ring)

@: brilliant, lethally poisoned (-1 -> -2), hasted, very quick
A: high mp 1
a: no special abilities


You were on level 2 of the Dungeon.
You were not hungry.

You visited 1 branch of the dungeon, and saw 2 of its levels.

You collected 42 gold pieces.

Inventory:

Armour
 a - a +0 robe (worn)
Jewellery
 h - a ring of fire (left hand)
Scrolls
 e - a scroll of identify
Potions
 d - a potion of brilliance
 f - a potion of might
Comestibles
 c - 2 rations


   Skills:
 + Level 2.4 Dodging
 + Level 1.8 Stealth
 + Level 0.1 Unarmed Combat
 + Level 2.1 Spellcasting
   Level 0.8 Conjurations
 + Level 3.5 Ice Magic


You had 5 spell levels left.
You knew the following spells:

 Your Spells              Type           Power        Failure   Level  Hunger
a - Freeze                Ice            ####         1%          1    None

Your spell library contained the following spells:

 Spells                   Type           Power        Failure   Level  Hunger
 Throw Frost              Conj/Ice       ####..       1%          2    ##.....
 Ozocubu's Armour         Chrm/Ice       ####....     1%          3    ###....
 Throw Icicle             Conj/Ice       ####....     4%          4    ####...
 Summon Ice Beast         Ice/Summ       ####....     6%          4    ####...


Dungeon Overview and Level Annotations

Branches:
Dungeon (2/15)

Annotations:
D:2 1 runed translucent door, Crazy Yiuf


Innate Abilities, Weirdness & Mutations

You have an increased reservoir of magic. (+10% MP)


Message History

You feel sick. The bat hits you but does no damage. The bat barely misses you.
The leopard gecko hisses menacingly.
The leopard gecko closely misses you.
As you read the scroll labeled XAQUBI QIXIEDE, it crumbles to dust.
It is a scroll of identify.
f - a potion of might The bat misses you.
The leopard gecko barely misses you. The bat closely misses you.
The leopard gecko misses you.
The bat hits you but does no damage. x2; The bat misses you.
It was a potion of haste.
You feel yourself speed up.
* * * LOW HITPOINT WARNING * * *
You feel sick. The bat hits you but does no damage.
The bat barely misses you. x2
The leopard gecko bites you but does no damage.
Okay, then.
As you read the scroll labeled ORARUW CISCH, it crumbles to dust.
It is a scroll of enchant weapon.
You aren't carrying any weapons that can be enchanted.
The bat closely misses you. The bat misses you.
The bat hits you but does no damage. The leopard gecko bites you.
You die...

...)......#............
..........#.(..........#
..........#............#
.#........'†......<....#
.#........#..†.........#
##........#............#
#........#(............
######...###..lb.......
#...# #...@....... #...#
#........... ###...#
#..b..[..... #.....#
#........... #.#####
#........... #.#
###########. #.#
#.###♣♣♣♣♣ #.#....♣.♣♣♣


You could see a leopard gecko and 2 bats.

Vanquished Creatures
  2 adders (D:2)
  An ooze (D:1)
  A dart slug (D:1)
  A ball python (D:1)
  3 bats (D:1)
  2 giant cockroaches (D:1)
  2 goblins (D:1)
  5 hobgoblins
  4 frilled lizards
  2 kobolds (D:1)
  5 rats
28 creatures vanquished.

Notes
Turn   | Place    | Note
-------+----------+-------------------------------------------
     0 | D:1      | shiningwizard the Demigod Ice Elementalist began the quest
                  | for the Orb.
     0 | D:1      | Reached XP level 1. HP: 14/14 MP: 5/5
    57 | D:1      | Reached skill level 3 in Ice Magic
    92 | D:1      | Reached XP level 2. HP: 15/20 MP: 0/7
   618 | D:2      | Found a runed translucent door.
   619 | D:2      | Noticed Crazy Yiuf
   649 | D:2      | Reached XP level 3. HP: 21/26 MP: 3/8
   663 | D:2      | Slain by a leopard gecko

Levels and vault maps discovered:
D:1:      mrwooster_arrival_statue, layout_loops_ring, hangedman_decor_riveting,
          minmay_misc_feat_x
D:2:      layout_basic, nicolae_qazlal_style_of_elements,
          uniq_crazy_yiuf_cottage

Skill      XL: |  1  2 |
---------------+-------+-----
Dodging        | 2 |  2.4
Ice Magic      | 3 |  3.5
Spellcasting   | 2 |  2.1
Stealth        | |  1.8
Unarmed Combat | |  0.1
Conjurations   | |  0.8

Action                   || total
-------------------------++-------
Melee: Unarmed           ||    13
 Cast: Freeze            ||    41
  Use: Scroll            ||     2
       Potion            ||     2
Armor: Robe              ||    20
Dodge: Dodged            ||    55
